 Dungeon Crawl Stone Soup version 0.19.1 (webtiles) character file.

6932 CanadianGator the Protected (level 11, -1/100 HPs)
             Began as a Gargoyle Fighter on Dec 6, 2016.
             Was an Elder of Qazlal.
             Slain by CanadianGator's ghost (3 damage)
             ... on level 8 of the Dungeon.
             The game lasted 00:28:13 (7546 turns).

CanadianGator the Protected (Gargoyle Fighter)      Turns: 7546, Time: 00:28:14

Health: -1/100     AC: 25    Str: 23    XL:     11   Next: 7%
Magic:  14/14      EV:  2    Int:  9    God:    Qazlal [****..]
Gold:   479        SH: 16    Dex:  7    Spells: 0 memorised, 10 levels left

rFire  + . .     SeeInvis .     i - +2 flail
rCold  x . .     Gourm    .     (armour currently unavailable)
rNeg   + + +     Faith    .     c - +0 shield
rPois  ∞         Spirit   .     (helmet currently unavailable)
rElec  .         Reflect  .     (cloak currently unavailable)
rCorr  .         Harm     +     (gloves currently unavailable)
MR     .....     NoTele   +     (boots currently unavailable)
Stlth  +.........               v - amulet of harm
                                J - ring of fire
                                b - -3 ring of evasion (curse)

@: tree-form, repel missiles
A: (hooves 0), clumsy 1, mutation resistance 1, negative energy resistance 1,
(electricity resistance), (unbreathing), petrification resistance, rot immunity,
AC +7
a: Upheaval, Elemental Force, Renounce Religion


You were on level 8 of the Dungeon.
You worshipped Qazlal.
Qazlal was greatly pleased with you.
You were not hungry.
You were a tree.
You visited 2 branches of the dungeon, and saw 9 of its levels.

You collected 479 gold pieces.

Inventory:

Hand Weapons
 e - a +4 dire flail
 i - a +2 flail (weapon)
 D - a +4 quarterstaff of chaos
 F - a +1 mace of protection
 K - a +0 morningstar of holy wrath
Armour
 c - a +0 shield (worn)
 g - a +1 cloak (melded)
 k - a +1 pair of gloves (melded)
 y - a +1 hat (melded)
 E - a +0 cloak
 M - a +0 chain mail (melded)
Jewellery
 b - a cursed -3 ring of evasion (left branch)
 n - an uncursed amulet of the gourmand {unknown}
 p - an uncursed ring of flight
 u - an uncursed amulet of rage
 v - an amulet of harm (around neck)
 J - a ring of fire (right branch)
Wands
 H - a wand of lightning (8/15)
Scrolls
 h - 2 scrolls of teleportation
 o - a scroll of random uselessness {unknown}
 q - a scroll of blinking
 r - a scroll of fog
 x - a scroll of amnesia {unknown}
 G - a scroll of enchant weapon {unknown}
 I - a scroll of silence {unknown}
Potions
 a - a potion of brilliance {unknown}
 d - a potion of flight
 l - 3 potions of curing
 m - 3 potions of ambrosia
 w - a potion of might
 z - 2 potions of magic
 B - a potion of resistance {unknown}
Comestibles
 f - 4 bread rations
 t - 3 beef jerkies
 L - a meat ration


   Skills:
 + Level 7.3 Fighting
 * Level 8.4 Maces & Flails
 * Level 9.5 Armour
 + Level 4.2 Dodging
 + Level 7.1 Shields
 + Level 5.1 Invocations
 + Level 4.3 Evocations


You had 10 spell levels left.
You didn't know any spells.

Dungeon Overview and Level Annotations

Branches:
Dungeon (8/15)             Temple (1/1) D:4            Lair (0/6) D:8

Altars:
Ashenzari
Cheibriados
Dithmenos
Elyvilon
Fedhas
Gozag
Hepliaklqana
Kikubaaqudgha
Makhleb
Nemelex Xobeh
Okawaru
Qazlal
Sif Muna
Uskayaw
Xom
Yredelemnul
Zin
The Shining One

Annotations:
D:8 CanadianGator's ghost, journeyman HOFi


Innate Abilities, Weirdness & Mutations

You are resistant to torment.
((Your stone body is resilient. (AC +7)))
You are immune to poison.
You resist negative energy. (rN+)
((You are resistant to electric shocks. (rElec)))
((You can survive without breathing.))
You are immune to petrification.
You are immune to rotting.
((You have large cloven feet.))
You are clumsy. (Dex -2)
You are somewhat resistant to further mutation.


Message History

You turn into a tree.
Your +1 cloak melds into your body.
Your +1 hat melds into your body.
Your +1 pair of gloves melds into your body.
Your +0 chain mail melds into your body.
Your roots penetrate the ground.
You block CanadianGator's ghost's attack.
You barely miss CanadianGator's ghost.
CanadianGator's ghost is moderately damaged.
CanadianGator's ghost hits you but does no damage.
Your shield prevents you from hitting CanadianGator's ghost.
CanadianGator's ghost is moderately damaged.
CanadianGator's ghost hits you but does no damage.
You hit CanadianGator's ghost.
CanadianGator's ghost is moderately damaged.
CanadianGator's ghost hits you!!
* * * LOW HITPOINT WARNING * * *
You barely miss CanadianGator's ghost.
CanadianGator's ghost is moderately damaged.
CanadianGator's ghost hits you.
You die...

##..........#####
#...####...## # #...#
#...# # ##..## #...#
#...# #...# .. #..##
##..# ...# ##..# #..#
.....###§W## #..# #
.........♣# #..# ###
...#......## #..####..
###.§§§.### #........
#..#...>## #........
#...##....####......##
#...#####...#..........
#..# #..............
#..# #.....###......
... #....## #...###


You could see CanadianGator's ghost.

Vanquished Creatures
  The ghost of Killer1 the Cleaver, a novice MiFi of Trog (D:6)
  A centaur skeleton (D:7)
  A redback zombie (D:7)
  2 hellwings (D:7)
  A two-headed ogre (D:8)
  Menkaure (D:7)
  A water moccasin (D:7)
  A necrophage (D:7)
  3 sky beasts
  A phantom (D:4)
  3 ogres
  4 centaurs
  The ghost of CanadianGator the Covered, an amateur GrFi (D:3)
  5 bullfrogs
  5 big kobolds
  2 gnoll sergeants
  4 scorpions
  A water moccasin skeleton (D:7)
  7 wights (D:6)
  5 howler monkeys
  2 crimson imps
  3 electric eels (D:6)
  A quasit (D:6)
  6 centaur zombies
  5 hounds
  A bullfrog skeleton (D:7)
  Crazy Yiuf (D:4)
  A gnoll shaman (D:5)
  6 orc wizards
  3 iguanas
  6 worker ants
  A hound skeleton (D:4)
  A worker ant zombie (D:6)
  12 gnolls
  5 adders
  6 shadow imps
  2 oozes
  2 worms
  2 dart slugs (D:1)
  2 leopard geckos
  17 orcs
  4 giant cockroaches
  12 goblins
  16 hobgoblins
  3 jackals
  2 quokkas (D:2)
  2 ball pythons
  7 bats
  3 frilled lizards
  49 kobolds
  A leopard gecko skeleton (D:5)
  6 rats
240 creatures vanquished.

Vanquished Creatures (others)
  An orc (D:6)
  A jackal (D:6)
  3 kobolds (D:6)
5 creatures vanquished.

Grand Total: 245 creatures vanquished

Notes
Turn   | Place    | Note
-------+----------+-------------------------------------------
     0 | D:1      | CanadianGator the Gargoyle Fighter began the quest for the Orb.
     0 | D:1      | Reached XP level 1. HP: 14/14 MP: 1/1
   259 | D:1      | Reached XP level 2. HP: 19/19 MP: 2/2
   409 | D:1      | Reached XP level 3. HP: 23/23 MP: 3/3
   715 | D:2      | Found a deep blue altar of Sif Muna.
   969 | D:2      | Reached XP level 4. HP: 27/28 MP: 4/4
   995 | D:2      | Reached skill level 4 in Armour
   995 | D:2      | Reached skill level 1 in Dodging
   998 | D:2      | Found a faded altar of an unknown god.
  1174 | D:2      | Found a white marble altar of Elyvilon.
  1426 | D:3      | Noticed CanadianGator's ghost (amateur GrFi)
  1451 | D:3      | Killed CanadianGator's ghost
  1451 | D:3      | Reached XP level 5. HP: 9/33 MP: 5/5
  2373 | D:4      | Noticed a phantom
  2392 | D:4      | Killed a phantom
  2392 | D:4      | Reached XP level 6. HP: 36/38 MP: 6/6
  2413 | D:4      | Reached skill level 5 in Armour
  2489 | D:4      | Reached XP level 7. HP: 25/44 MP: 7/7
  2622 | D:4      | Found a staircase to the Ecumenical Temple.
  2696 | Temple   | Entered the Ecumenical Temple
  2793 | Temple   | Became a worshipper of Qazlal Stormbringer
  2983 | D:4      | Found a sparkling altar of Nemelex Xobeh.
  2992 | D:4      | Found a snail-covered altar of Cheibriados.
  3079 | D:4      | Found a runed door.
  3430 | D:4      | Noticed Crazy Yiuf
  3439 | D:4      | Killed Crazy Yiuf
  3505 | D:5      | Entered Level 5 of the Dungeon
  3708 | D:5      | Reached skill level 5 in Fighting
  3708 | D:5      | Reached skill level 1 in Invocations
  3759 | D:5      | Reached XP level 8. HP: 26/49 MP: 8/8
  3974 | D:5      | Reached skill level 5 in Maces & Flails
  3974 | D:5      | Reached skill level 6 in Armour
  4226 | D:5      | Reached skill level 1 in Evocations
  4746 | D:5      | Reached * piety under Qazlal
  4851 | D:6      | Noticed Killer1's ghost (novice MiFi)
  4862 | D:6      | Reached skill level 5 in Shields
  4889 | D:6      | Killed Killer1's ghost
  4889 | D:6      | Reached skill level 7 in Armour
  4889 | D:6      | Reached XP level 9. HP: 4/55 MP: 9/11
  5246 | D:6      | Reached ** piety under Qazlal
  5454 | D:6      | Reached *** piety under Qazlal
  5726 | D:6      | Reached skill level 8 in Armour
  5930 | D:6      | Found a white marble altar of Elyvilon.
  6495 | D:7      | Reached XP level 10. HP: 53/61 MP: 12/12
  6510 | D:7      | Noticed Menkaure
  6525 | D:7      | Killed Menkaure
  6542 | D:7      | Gained mutation: You have large cloven feet. [mutagenic meat]
  6543 | D:7      | Gained mutation: You are clumsy. (Dex -2) [mutagenic meat]
  6544 | D:7      | Gained mutation: You are somewhat resistant to further mutation. [mutagenic meat]
  6739 | D:7      | Reached skill level 9 in Armour
  6812 | D:7      | Reached **** piety under Qazlal
  6879 | D:7      | Reached skill level 5 in Invocations
  6887 | D:7      | Reached XP level 11. HP: 61/67 MP: 14/14
  7075 | D:7      | Found a hide-covered altar of Uskayaw.
  7085 | D:7      | Found a basalt altar of Yredelemnul.
  7229 | D:8      | Found a staircase to the Lair.
  7525 | D:8      | Noticed CanadianGator's ghost (journeyman HOFi)
  7545 | D:8      | HP: 2/100 [CanadianGator's ghost (24)]
  7546 | D:8      | Slain by CanadianGator's ghost

Skill      XL: |  1  2  3  4  5  6  7  8  9 10 |
---------------+-------------------------------+-----
Maces & Flails | 3 4 6 7 8 |  8.4
Armour         | 4 5 7 8 9 |  9.5
Dodging        | 1 2 3 4 |  4.2
Fighting       | 4 5 6 7 |  7.3
Shields        | 4 5 6 7 |  7.1
Invocations    | 1 2 3 5 |  5.1
Evocations     | 2 3 4 |  4.3

Action                   |  1- 3 |  4- 6 |  7- 9 | 10-12 || total
-------------------------+-------+-------+-------+-------++-------
Melee: Flail             |   158 |   139 |   137 |    79 ||   513
       Mace              |       |       |   153 |    22 ||   175
       Morningstar       |       |       |   238 |   116 ||   354
       Kick              |       |       |       |    49 ||    49
 Abil: Evoke Flight      |       |       |     1 |       ||     1
  Use: Potion            |       |     2 |     4 |     6 ||    12
       Scroll            |       |     5 |    10 |     2 ||    17
  Eat: Chunk             |       |     3 |     4 |     6 ||    13
       Meat ration       |       |     1 |     1 |     1 ||     3
       Royal jelly       |       |       |     1 |       ||     1
Armor: Scale mail        |    97 |    95 |    38 |       ||   230
       Chain mail        |       |       |   231 |   157 ||   388
       Skin              |       |       |       |     2 ||     2
Dodge: Dodged            |    76 |    44 |   154 |    64 ||   338
       Deflected         |       |       |       |     2 ||     2
Block: Shield            |   106 |    94 |   352 |   212 ||   764
